[Event "Live Chess"]
[Site "Chess.com"]
[Date "2020.05.16"]
[Round "1.11"]
[White "Keetman, Keetman, Maaikee"]
[Black "Norinkeviciute, Rasa"]
[Result "0-1"]
[ECO "B07"]
[WhiteElo "2150"]
[BlackElo "2063"]
[PlyCount "82"]
[EventDate "2020.??.??"]
[TimeControl "180+2"]
[WhiteClock "0:00:27"]
[BlackClock "0:00:05"]

1. e4 d6 2. d4 Nf6 3. Nc3 Nbd7 4. Nf3 c6 5. e5 Ng8 6. Bf4 Qc7 7. Qe2 e6 8. O-O-O d5 9. g3 a6 10. h4 c5 11. Nxd5 Qa5 12. Nc3 cxd4 13.
Nxd4 Bb4 14. Nb3 Qc7 15. Ne4 Nxe5 16. a3 Be7 17. Bg2 f6 18.
Rhe1 Kf7 19. Kb1 Nh6 20. Bxh6 gxh6 21. Qh5+ Kg7 22. g4 Ng6 23. g5 hxg5 24. hxg5 f5 25. Qh6+ Kf7 26. Ng3 Rb8 27. Nd4 b5 28. Nh5 Bf8 29. Ng7 Bxg7 30. Qh3 Rd8 31. Nc6 Rxd1+ 32. Rxd1 Rb6 33. Nd8+ Kg8 34. Bf3 Rd6 35. Rh1 Nf8 36. g6 Rxd8 37. gxh7+ Kh8 38. Qh5 Qe7 39. Rg1 Bb7 40. Bxb7 Qxb7 41. Qg5 Re8 {[%emt 0:00:02] Norinkeviciute, Rasa won by resignation} 0-1

[Event "Live Chess"]
[Site "Chess.com"]
[Date "2020.05.16"]
[Round "1.12"]
[White "Norinkeviciute, Rasa"]
[Black "Keetman, Keetman, Maaikee"]
[Result "1-0"]
[ECO "A13"]
[WhiteElo "2112"]
[BlackElo "2135"]
[PlyCount "57"]
[EventDate "2020.??.??"]
[TimeControl "180+2"]
[WhiteClock "0:00:29"]
[BlackClock "0:00:38"]

1. c4 e6 2. e3 d5 3. cxd5 exd5 4. Nf3 Nf6 5. b3 Bd6 6. Bb2 O-O 7. Be2 c5 8. Qc2 Nc6 9. a3 h6 10. h3 Re8 11. O-O Qe7 12. d4 cxd4 13.
Nxd4 Bd7 14. b4 Rac8 15. Qb3 Ne5 16. Nd2 a6 17. Rac1 b5 18.
N2f3 Nc4 19. Ba1 Ne4 20. Rfd1 f5 21. Bf1 f4 22. exf4 Bxf4 23.
Rc2 Qf7 24. Qd3 Qh5 25. Ne2 Bg5 26. Nxg5 Nxg5 27. Qxd5+ Be6 28. Qd4 Bxh3 29. Qxg7# {[%emt 0:00:
02] Norinkeviciute, Rasa won by checkmate} 1-0

[Event "Live Chess"]
[Site "Chess.com"]
[Date "2020.05.16"]
[Round "1.13"]
[White "Keetman, Keetman, Maaikee"]
[Black "Norinkeviciute, Rasa"]
[Result "1-0"]
[ECO "B07"]
[WhiteElo "2146"]
[BlackElo "2079"]
[PlyCount "137"]
[EventDate "2020.??.??"]
[TimeControl "180+2"]
[WhiteClock "0:00:29"]
[BlackClock "0:00:30"]

1. e4 d6 2. d4 Nf6 3. Nc3 c6 4. Nf3 Qc7 5. Bc4 e6 6. Qe2 h6 7. e5 dxe5 8.
dxe5 Nd5 9. Bd2 Be7 10. O-O-O a6 11. Ne4 b5 12. Bd3 Bb7 13. g4 Nd7 14. Ng3 O-O-O 15. h4 c5 16. c4 Nb4 17. Bxb4 cxb4 18. Kb1 bxc4 19. Bxc4 Nc5 20. Rc1 Kb8 21. Rhe1 Qb6 22. g5 Rc8 23. g6 fxg6 24. Nd4 Rhd8 25. Red1 Bxh4 26. Qg4 Bg5 27. f4 Be7 28. Qxg6 Bf8 29. Nxe6 Nxe6 30. Bxe6 Rxc1+ 31. Rxc1 Ka7 32. f5 Qe3 33. Qg4 Qd3+ 34. Ka1 Qd2 35. Qc4 Qg5 36. Ne4 Qf4 37. Nd6 Bxd6 38. Qxf4 Bxe5 39. Qf2+ Ka8 40. Qe2 Bf6 41. Qh5 Rb8 42. Rb1 Ka7 43. Qf7 Rd8 44. Qc7 Rb8 45. Bd5 a5 46. Qxa5+ Ba6 47. Qc5+ Rb6 48. Qc7+ Bb7 49. Bxb7 Rxb7 50. Qa5+ Kb8 51. a3 bxa3 52. Qxa3 Ra7 53. Qxa7+ Kxa7 54. Ka2 Kb6 55. b4 Kb5 56. Kb3 h5 57. Rh1 h4 58. Rh3 Be7 59. Re3 Bf6 60. Rd3 Be5 61. Rd5+ Kc6 62. Rxe5 h3 63. Re3 Kd6 64. Rxh3 Ke5 65. b5 Kxf5 66. b6 g5 67. b7 g4 68. Rg3 Kf4 69. Rxg4+ {[%emt 0:00:01]
Keetman, Keetman, Maaikee won on time} 1-0

[Event "Live Chess"]
[Site "Chess.com"]
[Date "2020.05.16"]
[Round "1.14"]
[White "Norinkeviciute, Rasa"]
[Black "Keetman, Keetman, Maaikee"]
[Result "1-0"]
[ECO "A03"]
[WhiteElo "2116"]
[BlackElo "2120"]
[PlyCount "57"]
[EventDate "2020.??.??"]
[TimeControl "180+2"]
[WhiteClock "0:00:08"]
[BlackClock "0:00:16"]

1. f4 d5 2. Nf3 c5 3. g3 Nc6 4. Bg2 Nf6 5. d3 g6 6. O-O Bg7 7. Nc3 O-O 8. h3 Re8 9. e4 e5 10. Nxe5 Nxe5 11. fxe5 Rxe5 12. Bf4 Re8 13. exd5 Nh5 14. Qf3 Bd4+ 15. Kh2 Qf6 16. Bd2 Qd6 17. Ne4 Qxd5 18. c3 Bg7 19. g4 Be5+ 20. Kg1 Kh8 21. gxh5 gxh5 22. Qxf7 Qd8 23. Qxh5 Bc7 24. Bg5 Qxd3 25. Bf6+ Kg8 26. Qg5+ Kf7 27. Qg7+ Ke6 28. Ng5+ Kd6 29. Rad1 {[%emt 0:00:02] Norinkeviciute, Rasa won by
resignation} 1-0

[Event "Live Chess"]
[Site "Chess.com"]
[Date "2020.05.16"]
[Round "1.21"]
[White "Bayat, Shohreh"]
[Black "Dicen, Imogen"]
[Result "1-0"]
[ECO "B50"]
[WhiteElo "2043"]
[BlackElo "1852"]
[PlyCount "161"]
[EventDate "2020.??.??"]
[TimeControl "180+2"]
[WhiteClock "0:01:10"]
[BlackClock "0:02:20"]

1. e4 c5 2. Nf3 Nc6 3. c3 d6 4. Bd3 Nf6 5. Bc2 e5 6. d3 Bg4 7. Nbd2 Be7 8. h3 Be6 9. O-O O-O 10. Re1 Nd7 11. Nf1 f5 12. exf5 Bxf5 13.
Ng3 Be6 14. Be3 Nf6 15. d4 cxd4 16. cxd4 exd4 17. Nxd4 Nxd4 18. Bxd4 Bf7 19. Bc3 d5 20. Qd3 Bg6 21. Qd2 Bxc2 22. Qxc2 Qd7 23. Rad1 Rad8 24. Qf5 Qxf5 25. Nxf5 Bc5 26. Ne7+ Bxe7 27. Rxe7 Rf7 28. Bxf6 gxf6 29. Re3 d4 30. Red3 Rfd7 31. f4 Kf7 32. Kf2 b6 33. Kf3 f5 34. g4 Kf6 35. Re1 Rd5 36. Re2 h6 37. Rc2 R8d7 38.
Rc8 fxg4+ 39. hxg4 Kg6 40. f5+ Kf6 41. Kf4 R5d6 42. Rc2 Kg7 43.
Rcd2 Kf6 44. Ke4 Re7+ 45. Kf4 Red7 46. Rh2 Kg7 47. g5 hxg5+ 48. Kxg5 Rd5 49. Rh4 Kg8 50. Re4 Kf7 51. Re2 Kg8 52. Kg6 R5d6+ 53. f6 Kf8 54. Rh2 Kg8 55. Rdh3 Rxf6+ 56. Kxf6 Rf7+ 57. Ke5 Kg7 58. Rh7+ Kg6 59. Rxf7 Kxf7 60. Kxd4 Ke7 61. Rh7+ Kd6 62. Rxa7 Kc6 63. Rh7 Kb5 64. Kc3 Ka4 65. Ra7+ Kb5 66. a4+ Kc6 67. b4 Kd6 68. a5 bxa5 69. bxa5 Kc6 70. Kb4 Kd6 71. Rb7 Kc6 72. a6 Kd6 73. a7 Kc6 74. a8=Q Kd6 75. Qd8+ Kc6 76. Qc8+ Kd6 77. Rd7+ Ke6 78. Qe8+ Kf6 79. Rf7+ Kg6 80. Qg8+ Kh6 81. Rh7# {
[%emt 0:00:00] Bayat, Shohreh won by checkmate} 1-0

[Event "Live Chess"]
[Site "Chess.com"]
[Date "2020.05.16"]
[Round "1.22"]
[White "Dicen, Imogen"]
[Black "Bayat, Shohreh"]
[Result "0-1"]
[ECO "D35"]
[WhiteElo "1846"]
[BlackElo "2047"]
[PlyCount "134"]
[EventDate "2020.??.??"]
[TimeControl "180+2"]
[WhiteClock "0:01:14"]
[BlackClock "0:00:33"]

1. d4 d5 2. c4 c6 3. Nc3 e6 4. Bf4 Bd6 5. Bxd6 Qxd6 6. cxd5 exd5 7. Nf3 Nf6 8. e3 O-O 9. Be2 Bf5 10. O-O Nbd7 11. Rc1 Ne4 12. Nd2 Ndf6 13. f3 Nxd2 14. Qxd2 Rfe8 15. Rfe1 Re7 16. Bd3 Bxd3 17. Qxd3 Rae8 18. Re2 Re6 19. Rce1 Qe7 20. e4 dxe4 21. fxe4 Rd8 22. d5 cxd5 23. exd5 Rxe2 24. Rxe2 Qc5+ 25. Kh1 h6 26. h3 Qd6 27. Rd2 g6 28. Ne4 Nxe4 29. Qxe4 Kg7 30. Qd4+ Qf6 31. Qe3 Rd7 32. Kh2 a6 33. g3 Re7 34. Qd3 Rd7 35. Kg2 Qe5 36. Qc3 Qxc3 37. bxc3 b5 38. Kf3 f5 39. Kf4 Kf6 40. h4 g5+ 41. hxg5+ hxg5+ 42. Kf3 Ke5 43. Rh2 Rxd5 44. Re2+ Kf6 45. Rc2 Rc5 46. a3 Rc4 47. Ke3 Ke5 48. Kf3 f4 49. gxf4+ Rxf4+ 50. Kg3 Kf5 51. Re2 Rc4 52. Rc2 g4 53. Rf2+ Kg5 54. Rc2 a5 55. Rc1 b4 56. axb4 axb4 57. Kg2 Rxc3 58. Rb1 b3 59. Kg1 g3 60. Kg2 Kg4 61. Kg1 Rc2 62. Kf1 b2 63. Kg1 Rc1+ 64. Rxc1 bxc1=Q+ 65. Kg2 Qd2+ 66. Kg1 Qf2+ 67. Kh1 Qh2# {[%emt 0:
00:01] Bayat, Shohreh won by checkmate} 0-1

[Event "Live Chess"]
[Site "Chess.com"]
[Date "2020.05.16"]
[Round "1.23"]
[White "Bayat, Shohreh"]
[Black "Dicen, Imogen"]
[Result "1-0"]
[ECO "B22"]
[WhiteElo "2051"]
[BlackElo "1840"]
[PlyCount "75"]
[EventDate "2020.??.??"]
[TimeControl "180+2"]
[WhiteClock "0:01:01"]
[BlackClock "0:01:30"]

1. e4 c5 2. Nf3 Nc6 3. c3 d6 4. Bd3 e5 5. Bc2 Nge7 6. d3 g6 7. O-O Bg7 8. Be3 O-O 9. Nbd2 f5 10. Nc4 b5 11. Na3 a6 12. Bb3+ d5 13.
exd5 Nxd5 14. Bg5 Qd6 15. c4 h6 16. cxd5 Nd4 17. Nxd4 exd4 18. Bd2 Kh7 19. Qf3 f4 20. Rae1 g5 21. h3 Bf5 22. Nc2 a5 23.
a4 bxa4 24. Bxa4 Rab8 25. b3 Ra8 26. Na3 h5 27. Nc4 Qc7 28.
Qxh5+ Bh6 29. d6 Qd8 30. Re7+ Kg8 31. Qxh6 Qxe7 32. dxe7 Rf7 33. Qxg5+ Kh8 34. e8=Q+ Rxe8 35. Bxe8 Rf8 36.
Bg6 Bxg6 37. Qxg6 Rg8 38. Qh6# {[%emt 0:00:01] Bayat, Shohreh won by checkmate} 1-0

[Event "Live Chess"]
[Site "Chess.com"]
[Date "2020.05.16"]
[Round "1.31"]
[White "Somton, Anita"]
[Black "Bridgeman, Niamh"]
[Result "1-0"]
[ECO "A80"]
[WhiteElo "1935"]
[BlackElo "1614"]
[PlyCount "109"]
[EventDate "2020.??.??"]
[TimeControl "180+2"]
[WhiteClock "0:00:15"]
[BlackClock "0:00:21"]

1. d4 e6 2. Nf3 f5 3. e3 Nf6 4. Be2 b6 5. O-O Bb7 6. c4 Be7 7. Nc3 O-O 8. b4 Bxb4 9. Bb2 Ne4 10. Qc2 Bxc3 11. Bxc3 Nxc3 12. Qxc3 d6 13. Rfd1 Nd7 14. d5 e5 15. Rab1 Nc5 16. Qc2 Qe8 17. Nd2 Qa4 18. Nb3 Nxb3 19. axb3 Qd7 20. f3 Rac8 21. Bd3 g6 22. b4 c6 23. e4 cxd5 24. exd5 Bxd5 25.
Bxf5 Qxf5 26. Qxf5 gxf5 27. cxd5 Rc4 28. b5 Rfc8 29. Ra1 R8c7 30. Ra6 R4c5 31. Rda1 Rxb5 32. Rxa7 Rxa7 33. Rxa7 Rxd5 34. Rb7 b5 35. Kf2 Rc5 36. Ke3 d5 37. g4 d4+ 38. Kd3 Rc3+ 39. Ke2 Rb3 40.
gxf5 b4 41. f6 Rb2+ 42. Kd3 b3 43. Ke4 Re2+ 44. Kf5 b2 45.
Rb8+ Kf7 46. Rb7+ Kg8 47. f7+ Kf8 48. Ke6 Rf2 49. Rb8+ Kg7 50.
f8=Q+ Kg6 51. Qf5+ Kh6 52. Qh3+ Kg7 53. Qg4+ Kh6 54. Rg8 b1=Q 55. Qh4# {[%emt 0:00:01] Somton, Anita won by checkmate} 1-0

[Event "Live Chess"]
[Site "Chess.com"]
[Date "2020.05.16"]
[Round "1.32"]
[White "Bridgeman, Niamh"]
[Black "Somton, Anita"]
[Result "1-0"]
[ECO "D11"]
[WhiteElo "1628"]
[BlackElo "1919"]
[PlyCount "71"]
[EventDate "2020.??.??"]
[TimeControl "180+2"]
[WhiteClock "0:00:19"]
[BlackClock "0:00:48"]

1. d4 d5 2. Nf3 Nf6 3. e3 c6 4. Bd3 Bg4 5. Nbd2 e6 6. O-O Bd6 7. b3 O-O 8. Bb2 Nbd7 9. c4 Rc8 10. c5 Bc7 11. b4 e5 12. dxe5 Nxe5 13.
Be2 Nxf3+ 14. Nxf3 Re8 15. a4 Qd7 16. b5 Bxf3 17. gxf3 Qf5 18. f4 Rcd8 19. Bd3 Qg4+ 20. Qxg4 Nxg4 21. bxc6 bxc6 22. Rab1 f6 23. h3 Nh6 24. Bd4 Nf7 25. Rb7 Rc8 26. Bf5 Nd8 27. Bxc8 Nxb7 28. Bxb7 f5 29. Bxc6 Rd8 30. Rb1 Ba5 31. Rb7 g6 32. Rd7 Re8 33. Rg7+ Kf8 34. Bxe8 Kxe8 35. Rxh7 Kf8 36. c6 {
[%emt 0:00:02] Bridgeman, Niamh won by resignation} 1-0

[Event "Live Chess"]
[Site "Chess.com"]
[Date "2020.05.16"]
[Round "1.33"]
[White "Somton, Anita"]
[Black "Bridgeman, Niamh"]
[Result "1-0"]
[ECO "A80"]
[WhiteElo "1922"]
[BlackElo "1625"]
[PlyCount "69"]
[EventDate "2020.??.??"]
[TimeControl "180+2"]
[WhiteClock "0:00:15"]
[BlackClock "0:01:48"]

1. d4 e6 2. Nf3 f5 3. e3 Nf6 4. Be2 b6 5. O-O Bb7 6. c4 Be7 7. Nc3 O-O 8. a3 Ne4 9. Qc2 Nxc3 10. Qxc3 Bf6 11. b4 d6 12. Bb2 Nd7 13. Qb3 Kh8 14. c5 e5 15. dxe5 dxe5 16. Rac1 Bxf3 17. Bxf3 e4 18. Be2 Bxb2 19. Qxb2 Qf6 20. Qb3 Rad8 21. Rfd1 Ne5 22. Qa4 Nc6 23. b5 Na5 24. cxb6 cxb6 25. Rc7 Rxd1+ 26. Qxd1 Rd8 27. Rd7 Rxd7 28.
Qxd7 h6 29. g3 Qa1+ 30. Kg2 Qxa3 31. Qxf5 Qb2 32. Bh5 Qb4 33. Bg6 Kg8 34. Qf7+ Kh8 35. Qe8+ {[%emt 0:00:01] Somton, Anita won by resignation
} 1-0

[Event "Live Chess"]
[Site "Chess.com"]
[Date "2020.05.16"]
[Round "1.34"]
[White "Bridgeman, Niamh"]
[Black "Somton, Anita"]
[Result "1/2-1/2"]
[ECO "D11"]
[WhiteElo "1630"]
[BlackElo "1916"]
[PlyCount "126"]
[EventDate "2020.??.??"]
[TimeControl "180+2"]
[WhiteClock "0:00:52"]
[BlackClock "0:00:19"]

1. d4 d5 2. Nf3 Nf6 3. e3 c6 4. Bd3 Bg4 5. Nbd2 e6 6. O-O Bd6 7. b3 Nbd7 8. Bb2 O-O 9. c4 e5 10. dxe5 Nxe5 11. Be2 Nxf3+ 12. Nxf3 Ne4 13. cxd5 cxd5 14. Qd4 Nf6 15. Rfd1 Re8 16. Rac1 a6 17. h3 Be6 18. Rc2 Rc8 19. Rdc1 Qa5 20. Rxc8 Rxc8 21. Rxc8+ Bxc8 22. Qc3 Qd8 23. Nd2 Bd7 24. Bd3 Bc6 25. Bf5 Qe7 26. Nf3 Bb4 27. Qd4 Bc5 28. Qc3 Bb4 29. Qe5 Qxe5 30. Bxe5 Nd7 31. Bb2 g6 32. Bxd7 Bxd7 33. Nd4 Kf8 34. Kf1 Ke7 35. Ke2 Kd6 36. Kd3 Bc5 37. a3 Bxd4 38. Kxd4 Be6 39. Bc3 Bd7 40. Bb4+ Ke6 41. Kc5 Bc6 42. Kb6 Ke5 43. f3 d4 44. exd4+ Kxd4 45. Kc7 Ke3 46. Kd6 Kf2 47. Ke7 Bd5 48. Kf6 Kxg2 49. h4 Kxf3 50. Be1 Bxb3 51. Kg7 h5 52. Kf6 Kg4 53. Bf2 a5 54. Be1 a4 55. Bf2 b5 56. Be1 Kf3 57. Kg5 Ke4 58.
Bc3 Kd3 59. Bb4 Kc4 60. Be7 Kd5 61. Bb4 Kc4 62. Be7 Kd5 63.
Bb4 Kc4 {[%emt 0:00:01] Game drawn by repetition} 1/2-1/2

[Event "Live Chess"]
[Site "Chess.com"]
[Date "2020.05.16"]
[Round "1.41"]
[White "Varney, Zoe"]
[Black "Pert, Nina"]
[Result "1-0"]
[ECO "C01"]
[WhiteElo "1975"]
[BlackElo "1795"]
[PlyCount "41"]
[EventDate "2020.??.??"]
[TimeControl "180+2"]
[WhiteClock "0:00:20"]
[BlackClock "0:00:39"]

1. e4 e6 2. d4 d5 3. exd5 exd5 4. Nf3 Bd6 5. c4 c6 6. Nc3 Ne7 7. c5 Bc7 8. Bd3 Bg4 9. O-O Nd7 10. Re1 O-O 11. Bxh7+ Kh8 12. Bc2 b6 13. h3 Bh5 14. b4 a5 15. cxb6 Bxb6 16. b5 Bxf3 17. Qxf3 Nf6 18. Bg5 Neg8 19. Qf4 Qd7 20. Qh4+ Nh7 21. Qxh7# {
[%emt 0:00:02] Varney, Zoe won by checkmate} 1-0

[Event "Live Chess"]
[Site "Chess.com"]
[Date "2020.05.16"]
[Round "1.42"]
[White "Pert, Nina"]
[Black "Varney, Zoe"]
[Result "0-1"]
[ECO "C54"]
[WhiteElo "1791"]
[BlackElo "1982"]
[PlyCount "66"]
[EventDate "2020.??.??"]
[TimeControl "180+2"]
[WhiteClock "0:00:15"]
[BlackClock "0:00:18"]

1. e4 e5 2. Nf3 Nc6 3. Bc4 Bc5 4. c3 Nf6 5. d4 exd4 6. cxd4 Bb4+ 7. Nc3 Nxe4 8. O-O Bxc3 9. d5 Bf6 10. Re1 Ne7 11. Rxe4 d6 12. Bg5 Bxg5 13. Nxg5 h6 14. Qe2 hxg5 15. Re1 Be6 16. dxe6 f6 17. Re3 c6 18. Qc2 Qc7 19. Bd3 O-O-O 20. a4 d5 21. g3 Rh6 22. R3e2 g4 23.
Rf1 Rdh8 24. f3 Qb6+ 25. Kh1 Qd4 26. Bf5 gxf3 27. Rxf3 Rh5 28. Bd3 Qg4 29. Rf1 Qh3 30. Rff2 Qxg3 31. Rg2 Qf3 32. Ref2 Rxh2+ 33. Kg1 Rh1# {[%emt 0:00:01] Varney, Zoe won by
checkmate} 0-1

[Event "Live Chess"]
[Site "Chess.com"]
[Date "2020.05.16"]
[Round "1.43"]
[White "Varney, Zoe"]
[Black "Pert, Nina"]
[Result "0-1"]
[ECO "C01"]
[WhiteElo "1962"]
[BlackElo "1803"]
[PlyCount "50"]
[EventDate "2020.??.??"]
[TimeControl "180+2"]
[WhiteClock "0:00:26"]
[BlackClock "0:00:35"]

1. e4 e6 2. d4 d5 3. exd5 exd5 4. Nf3 Nc6 5. c4 Be6 6. cxd5 Bxd5 7. Nc3 Bb4 8. Bb5 Nge7 9. Be3 Qd6 10. O-O O-O 11. Nxd5 Qxd5 12. Bxc6 Nxc6 13. a3 Be7 14. Rc1 Bf6 15. Qd3 Rad8 16. Rfd1 Rfe8 17. b4 b6 18. b5 Na5 19. Rxc7 Nb3 20. Rc3 Nxd4 21. Nxd4 Bxd4 22. Rc4 Rxe3 23. Qxd4 Qxd4 24. Rcxd4 Rxd4 25. fxe3 Rxd1+ {[%emt 0:00:01]
Pert, Nina won by resignation} 0-1

[Event "Live Chess"]
[Site "Chess.com"]
[Date "2020.05.16"]
[Round "1.44"]
[White "Pert, Nina"]
[Black "Varney, Zoe"]
[Result "0-1"]
[ECO "C54"]
[WhiteElo "1798"]
[BlackElo "1969"]
[PlyCount "100"]
[EventDate "2020.??.??"]
[TimeControl "180+2"]
[WhiteClock "0:00:30"]
[BlackClock "0:00:24"]

1. e4 e5 2. Nf3 Nc6 3. Bc4 Bc5 4. c3 Nf6 5. d4 exd4 6. cxd4 Bb4+ 7. Nc3 Nxe4 8. O-O Bxc3 9. d5 Bf6 10. Re1 Ne7 11. Rxe4 d6 12. Bg5 Bxg5 13. Nxg5 h6 14. Qe2 hxg5 15. Re1 Be6 16. dxe6 f6 17. Rd4 d5 18. Bxd5 Nxd5 19. Qe4 c6 20. Qg6+ Ke7 21. Qf7+ Kd6 22. e7 Qe8 23. Qxg7 Kc7 24. Rde4 Kb6 25. a4 Qh5 26. h3 Rae8 27. b4 Rhg8 28. Qxg8 Rxg8 29. e8=Q Rxe8 30. Rxe8 Nxb4 31. Rb1 Qxe8 32. Rxb4+ Ka5 33. Rb1 Kxa4 34. Ra1+ Kb5 35. Rxa7 Kb6 36. Ra1 Qe5 37. Rb1+ Kc7 38. Rc1 b5 39. Rb1 Kb6 40. Kf1 c5 41. Re1 Qd5 42. f3 c4 43.
Rb1 Qd3+ 44. Kf2 Qxb1 45. Kg3 c3 46. Kg4 c2 47. Kf5 c1=Q+ 48.
Kxf6 Qc6+ 49. Ke5 Qe1+ 50. Kd4 Qec3# {[%emt 0:00:03] Varney, Zoe won
by checkmate} 0-1

[Event "Live Chess"]
[Site "Chess.com"]
[Date "2020.05.16"]
[Round "1.51"]
[White "Sucikova, Svetlana"]
[Black "Oh, Julie"]
[Result "1-0"]
[ECO "A36"]
[WhiteElo "2112"]
[BlackElo "1211"]
[PlyCount "91"]
[EventDate "2020.??.??"]
[TimeControl "180+2"]
[WhiteClock "0:00:24"]
[BlackClock "0:01:24"]

1. e3 e5 2. c4 c5 3. Nc3 Nf6 4. g3 Nc6 5. Bg2 d6 6. Nge2 Bf5 7. O-O h6 8. d4 Be7 9. a3 O-O 10. d5 Nb8 11. f4 Qd7 12. e4 Bh3 13. f5 Bxg2 14. Kxg2 b6 15.
Kh1 Qc8 16. Ng1 Nbd7 17. Qe2 Qd8 18. Bd2 Nh7 19. Nf3 Bg5 20.
Nxg5 Nxg5 21. Nb5 a6 22. Nc3 f6 23. h4 Nh7 24. g4 Qe8 25.
Rg1 g5 26. fxg6 Qxg6 27. Qf3 Rae8 28. Raf1 Rf7 29. Nd1 Ref8 30. Ne3 b5 31. cxb5 axb5 32. Nf5 Re7 33. Nxe7+ Kg7 34. Nxg6 Kxg6 35. Qf5+ Kg7 36. Qxd7+ Rf7 37. Qxf7+ Kxf7 38.
Bxh6 Kg6 39. Bc1 Nf8 40. g5 Nd7 41. gxf6+ Kf7 42. Rg7+ Ke8 43. Rxd7 Kxd7 44. f7 Ke7 45. f8=Q+ Kd7 46. Rf7# {
[%emt 0:00:02] Sucikova, Svetlana won by checkmate} 1-0

[Event "Live Chess"]
[Site "Chess.com"]
[Date "2020.05.16"]
[Round "1.52"]
[White "Oh, Julie"]
[Black "Sucikova, Svetlana"]
[Result "0-1"]
[ECO "B12"]
[WhiteElo "1211"]
[BlackElo "2112"]
[PlyCount "120"]
[EventDate "2020.??.??"]
[TimeControl "180+2"]
[WhiteClock "0:00:50"]
[BlackClock "0:00:18"]

1. e4 c6 2. d4 d5 3. e5 Bf5 4. Nf3 e6 5. Be3 Nd7 6. c4 dxc4 7. Bxc4 Ne7 8.
Nc3 Nb6 9. Bb3 Ned5 10. Nxd5 Nxd5 11. Bxd5 Qxd5 12. O-O Be7 13. b3 O-O 14. Rc1 Ba3 15. Rc3 Rfd8 16. Qe2 Be4 17. Rd1 Rd7 18. h3 Rad8 19. Bc1 Bxf3 20. gxf3 Bxc1 21. Rcxc1 c5 22. Rxc5 Qxc5 23. dxc5 Rxd1+ 24. Kg2 R1d7 25. Qe3 Rc7 26. b4 h6 27. a3 Rdc8 28. Qd4 a5 29. Qd6 axb4 30. axb4 Rc6 31. Qd7 R8c7 32. Qd8+ Kh7 33. Qd3+ g6 34. f4 b6 35. cxb6 Rxb6 36. Qb3 Rcb7 37. h4 Rxb4 38. Qd3 Rxf4 39. Qg3 Rf5 40. f4 Rb2+ 41. Kf3 Rb3+ 42. Kf2 Rxg3 43. Kxg3 Kg8 44. Kg4 Kf8 45. Kf3 Ke7 46. Kg4 Kd7 47. Kf3 Kc6 48. Kg4 Kd5 49. Kf3 Kd4 50. Kg4 Ke4 51. Kg3 Rxf4 52. Kh3 Kxe5 53. Kg3 Kf5 54. Kg2 e5 55. Kg3 e4 56. Kh3 e3 57. Kg3 e2 58. h5 e1=Q+ 59. Kh3 Rg4 60. hxg6 Qg3# {[%emt 0:00:01] Sucikova, Svetlana won by
checkmate} 0-1

[Event "Live Chess"]
[Site "Chess.com"]
[Date "2020.05.16"]
[Round "1.53"]
[White "Sucikova, Svetlana"]
[Black "Oh, Julie"]
[Result "1-0"]
[ECO "D12"]
[WhiteElo "2112"]
[BlackElo "1211"]
[PlyCount "107"]
[EventDate "2020.??.??"]
[TimeControl "180+2"]
[WhiteClock "0:00:25"]
[BlackClock "0:00:34"]

1. Nf3 d5 2. e3 c6 3. c4 Nf6 4. Nc3 Bf5 5. b3 h6 6. Bb2 e6 7. Be2 Nbd7 8. O-O Be7 9. d4 O-O 10. Ne5 Nxe5 11. dxe5 Ne4 12. Nxe4 Bxe4 13. Qd4 Bg5 14. Ba3 Re8 15. Bd6 Be7 16. c5 b6 17. b4 f6 18. Bh5 Rf8 19. f3 Bh7 20.
Bg4 Bf5 21. Bxf5 exf5 22. f4 fxe5 23. fxe5 Bxd6 24. exd6 Qf6 25. Rf4 Qxd4 26. exd4 Rfe8 27. Rxf5 Re4 28. Re5 Rxd4 29. d7 Rd8 30. Re8+ Kf7 31. Rxd8 Ke7 32. Ra8 Kxd7 33. Rxa7+ Ke6 34. cxb6 Rf4 35. a3 Rf8 36. Rxg7 Rb8 37. b7 Kd6 38. a4 c5 39. bxc5+ Kxc5 40. a5 Kc6 41. a6 Kb6 42. a7 Rxb7 43. Rxb7+ Kxb7 44. a8=Q+ Kb6 45. Qa6+ Kc5 46. Rc1+ Kd4 47. Qa4+ Ke5 48. Rd1 h5 49. Qb5 Ke6 50. Qxd5+ Kf6 51. Rf1+ Kg6 52. Qf7+ Kg5 53. Qf6+ Kg4 54. Rf4# {[%emt 0:00:01] Sucikova, Svetlana won by
checkmate} 1-0

[Event "Live Chess"]
[Site "Chess.com"]
[Date "2020.05.16"]
[Round "1.61"]
[White "Dicen, Elis"]
[Black "Longson, Sarah"]
[Result "1-0"]
[ECO "C55"]
[WhiteElo "1859"]
[BlackElo "2018"]
[PlyCount "111"]
[EventDate "2020.??.??"]
[TimeControl "180+2"]
[WhiteClock "0:00:27"]
[BlackClock "0:00:32"]

1. e4 e5 2. Nf3 Nc6 3. Bc4 Nf6 4. d3 Be7 5. c3 O-O 6. O-O d5 7. exd5 Nxd5 8. Be3 Nb6 9. Bb3 Bg4 10. Bxb6 axb6 11. h3 Bh5 12. Qe2 Kh8 13. Nbd2 Bg6 14. Bc2 Bd6 15. Nc4 Qe7 16. Rfe1 Rae8 17. Rad1 f5 18. a3 b5 19. Ncd2 Bh5 20. Kh1 Qf6 21. Kg1 Qh6 22. Qe3 Qxe3 23. Rxe3 h6 24. Rde1 Re7 25. g3 f4 26. gxf4 Rxf4 27. Kg2 Re6 28. Nh2 Rg6+ 29. Rg3 Rgf6 30. Nhf3 Bxf3+ 31. Nxf3 Kg8 32. Rf1 h5 33. Nd2 Rf8 34. Ne4 Ne7 35. Nxd6 cxd6 36. d4 Nf5 37. Bxf5 R8xf5 38. dxe5 Rxe5 39. Re3 Rg5+ 40. Rg3 Kf7 41. Rxg5 Rf6 42. Rxb5 Rg6+ 43. Kh2 Ke6 44. Rxb7 Kd5 45. Rb4 Kc5 46. Re1 d5 47. Re5 Rf6 48. Kg2 Rg6+ 49. Kf1 Rf6 50. Rxh5 Rf3 51. Rd4 Rf8 52. Rhxd5+ Kc6 53. Rd7 Rf3 54. Rxg7 Rf5 55. Rg6+ Kc7 56. h4 {
[%emt 0:00:02] Dicen, Elis won by resignation} 1-0

[Event "Live Chess"]
[Site "Chess.com"]
[Date "2020.05.16"]
[Round "1.62"]
[White "Longson, Sarah"]
[Black "Dicen, Elis"]
[Result "0-1"]
[ECO "C10"]
[WhiteElo "1997"]
[BlackElo "1870"]
[PlyCount "56"]
[EventDate "2020.??.??"]
[TimeControl "180+2"]
[WhiteClock "0:01:17"]
[BlackClock "0:01:08"]

1. e4 e6 2. d4 d5 3. Nc3 dxe4 4. Nxe4 Nd7 5. Nf3 Ngf6 6. Bg5 Be7 7. Bxf6 Nxf6 8. Bd3 O-O 9. Qd2 b6 10. Nxf6+ Bxf6 11. O-O-O Bb7 12. c3 a5 13. Kb1 a4 14. h4 a3 15. b3 Ra5 16. g4 Bxf3 17. g5 Bxd1 18.
gxf6 Qxf6 19. Rxd1 Rd8 20. h5 h6 21. Qe3 Rg5 22. Qe4 Qf5 23.
Qb7 Qxf2 24. Bc2 Rg1 25. Rc1 Rxc1+ 26. Kxc1 Qe1+ 27. Bd1 Qxc3+ 28. Bc2 Qxd4 {[%emt 0:00:05] Dicen, Elis won by resignation
} 0-1

[Event "Live Chess"]
[Site "Chess.com"]
[Date "2020.05.16"]
[Round "1.63"]
[White "Dicen, Elis"]
[Black "Longson, Sarah"]
[Result "1-0"]
[ECO "C55"]
[WhiteElo "1881"]
[BlackElo "1978"]
[PlyCount "195"]
[EventDate "2020.??.??"]
[TimeControl "180+2"]
[WhiteClock "0:00:21"]
[BlackClock "0:00:25"]

1. e4 e5 2. Nf3 Nc6 3. Bc4 Nf6 4. d3 Be7 5. c3 O-O 6. O-O d5 7. exd5 Nxd5 8. Be3 Nxe3 9. fxe3 Bd6 10. Nbd2 Na5 11. Bb3 Nxb3 12. Nxb3 Be6 13. e4 c5 14. c4 Qc7 15. Ng5 Qe7 16. Qh5 h6 17. Nxe6 Qxe6 18. Rf3 Kh7 19. Raf1 g6 20. Qh4 Be7 21. Qf2 Kg7 22. Nc1 Rad8 23. Ne2 Rd7 24. h3 Bd8 25. b3 b6 26. Rd1 Be7 27. Rf1 Bd8 28.
Rd1 a5 29. a4 Ra7 30. Rf1 Bg5 31. Qg3 Rd7 32. h4 Be7 33. h5 g5 34. Rf5 f6 35. Nc1 Rfd8 36. R1f3 Qd6 37. Ne2 Rf8 38. Qf2 Kh7 39. Qg3 Qe6 40. Qf2 Qf7 41. g4 Qe6 42. Kg2 Rfd8 43. Qg3 Qf7 44. Nc3 Rd6 45. Nd5 Rf8 46. Qf2 Bd8 47. Kg3 Qg7 48. Kg2 Qf7 49. Kg3 Rg8 50. Kg2 Rc6 51. Kg3 Re6 52. Kg2 Qe8 53. Kg3 Qf7 54. Kg2 Rd6 55. Kg3 Rf8 56. Kg2 Qe6 57. Kg3 Rxd5 58. exd5 Qd6 59. Kg2 Be7 60. Qe3 Rd8 61. Qe4 Kg7 62. Kg3 Rf8 63. Kg2 Rf7 64. Kg3 Rf8 65. Kg2 Rb8 66. Kg3 Bd8 67. Kg2 Qc7 68. Rf2 Be7 69. R2f3 Qd6 70. Rf2 Rd8 71. R2f3 b5 72. axb5 Ra8 73. Rf2 a4 74. bxa4 Rxa4 75. Qe2 Ra3 76. R5f3 Qd7 77. Qb2 Qxg4+ 78. Rg3 Qd4 79. Qxa3 e4 80. dxe4 Qxe4+ 81. Qf3 Qb1 82. Qe2 Bf8 83. Qe6 Qa1 84. Qxf6+ Qxf6 85. Rxf6 Kxf6 86. b6 Bd6 87. Rb3 Ke5 88. b7 Bb8 89. Kf3 Kd4 90. Rb1 Kxc4 91. d6 Bxd6 92. b8=Q Bxb8 93. Rxb8 Kc3 94. Rc8 c4 95. Ke4 Kb3 96. Kd4 g4 97. Rxc4 g3 98. Rc3+ {
[%emt 0:00:01] Dicen, Elis won by resignation} 1-0